 Dungeon Crawl Stone Soup version 0.25-a0-510-ge065f6de7d (webtiles) character file.

Game seed: 2527838050366626996, levelgen mode: deterministic

2065 DerDa the Thaumaturge (level 9, -9/57 HPs)
             Began as a Mummy Wizard on Feb 15, 2020.
             Was a Follower of Sif Muna.
             Mangled by a cyan ugly thing (13 damage)
             ... on level 7 of the Dungeon.
             The game lasted 00:23:41 (10101 turns).

DerDa the Thaumaturge (Mummy Wizard)               Turns: 10101, Time: 00:23:41

Health: -9/57      AC:  4    Str: 10    XL:     9   Next: 5%
Magic:  15/22      EV: 12    Int: 21    God:    Sif Muna [*.....]
Gold:   360        SH:  0    Dex: 10    Spells: 15/26 levels left

rFire    x . .     SeeInvis .   A - +0 long sword
rCold    + + .     Gourm    .   (no shield)
rNeg     + + +     Faith    .   a - +0 robe
rPois    ∞         Spirit   .   b - +0 hat
rElec    .         Reflect  .   (no cloak)
rCorr    .         Harm     .   z - +0 pair of gloves
MR       +....                  d - +0 pair of boots
Stlth    +++.......             (no amulet)
HPRegen  0.19/turn              m - ring of stealth
MPRegen  0.18/turn              p - ring of protection from cold

@: studying Armour
A: no food or potions, fire vulnerability, cold resistance 1, negative energy
resistance 3, torment resistance, unbreathing
a: Channel Magic, Renounce Religion


You were on level 7 of the Dungeon.
You worshipped Sif Muna.
Sif Muna was aware of your devotion.
You were not hungry.

You visited 2 branches of the dungeon, and saw 8 of its levels.

You collected 360 gold pieces.

Inventory:

Hand Weapons
 h - a +0 short sword
 i - a +0 hunting sling
 A - a +0 long sword (weapon)
Missiles
 j - 71 stones
 k - 22 bolts
 o - 4 curare-tipped darts
 q - 25 sling bullets
 x - 10 poisoned darts (quivered)
Armour
 a - a +0 robe (worn)
 b - a +0 hat (worn)
 d - a +0 pair of boots (worn)
 z - a +0 pair of gloves (worn)
Jewellery
 m - a ring of stealth (left hand)
 p - a ring of protection from cold (right hand)
 w - an uncursed amulet of harm
Wands
 n - a wand of iceblast (3)
 u - a wand of disintegration (12)
Scrolls
 c - 4 scrolls of blinking
 e - 6 scrolls of teleportation
 f - 4 scrolls of amnesia
 g - 2 scrolls of fog
 l - a scroll of immolation
 r - 2 scrolls of remove curse
 s - 2 scrolls of enchant armour {unknown}
 t - 2 scrolls of identify
 y - a scroll of holy word {unknown}
Books
 v - a manual of Armour


   Skills:
 + Level 3.3 Armour
 - Level 1.5 Dodging
 - Level 1.5 Stealth
 * Level 9.0 Spellcasting
 * Level 5.6 Conjurations
 - Level 0.7 Summonings
 - Level 0.7 Translocations
 + Level 3.5 Air Magic
 + Level 3.4 Poison Magic


You had 15 spell levels left.
You knew the following spells:

 Your Spells              Type           Power        Failure   Level  Hunger
a - Magic Dart            Conj           ####         1%          1    N/A
b - Mephitic Cloud        Conj/Pois/Air  ####....     3%          3    N/A
c - Conjure Flame         Conj/Fire      ###.....     7%          3    N/A
e - Call Imp              Summ           ##......     9%          2    N/A
q - Blink                 Tloc           N/A          9%          2    N/A

Your spell library contained the following spells:

 Spells                   Type           Power        Failure   Level  Hunger
 Apportation              Tloc           ##....       5%          1    N/A
 Summon Butterflies       Summ           ##......     5%          1    N/A
 Slow                     Hex            #.......     11%         2    N/A
 Lesser Beckoning         Tloc           ##........   16%         3    N/A
 Tukima's Dance           Hex            #.......     22%         3    N/A
 Alistair's Intoxication  Tmut/Pois      ###.....     69%         5    N/A
 Invisibility             Hex            #.......     100%        6    N/A

Dungeon Overview and Level Annotations

Branches:
Dungeon (7/15)             Temple (1/1) D:5

Altars:
Ashenzari
Cheibriados
Dithmenos
Elyvilon
Fedhas
Gozag
Hepliaklqana
Makhleb
Nemelex Xobeh
Okawaru
Qazlal
Ru
Sif Muna
Trog
Uskayaw
Vehumet
Wu Jian
Xom
Yredelemnul
Zin
The Shining One

Shops:
D:6 (


Innate Abilities, Weirdness & Mutations

You do not eat or drink.
Your flesh is vulnerable to fire.
You are immune to poison.
Your flesh is cold resistant. (rC+)
You are immune to negative energy. (rN+++)
You are immune to unholy pain and torment.
You can survive without breathing.


Message History

Aim: a cyan ugly thing (flame, moderately wounded)
The magic dart hits the cyan ugly thing!
The cyan ugly thing is heavily wounded.
The cyan ugly thing is engulfed in blazing flames.
The cyan ugly thing barely misses you.
Casting: Magic Dart (safe; 1% risk of failure)
Confirm with . or Enter, or press ? or * to list all spells.
Aiming: Magic Dart (safe; 1% risk of failure)
Press: ? - help, Shift-Dir - straight line, f/p - cyan ugly thing
Aim: a cyan ugly thing (flame, heavily wounded)
The magic dart hits the cyan ugly thing.
The cyan ugly thing is heavily wounded.
The cyan ugly thing is engulfed in blazing flames.
The cyan ugly thing engulfs you!
* * * LOW HITPOINT WARNING * * *
The cyan ugly thing shocks you!
* * * LOW HITPOINT WARNING * * *
The cyan ugly thing is engulfed in blazing flames.
The cyan ugly thing engulfs you!
You die...

#....# #....#.............#...
#....# #....+.....>.......#...
#....#####....##..#######...#...
#......#.##....#..###..##...####
#......#..#....#..............[.
#......#..'....#................
#.....>####....############+##.#
#####'#....#+####.#### ####.##.#
#....#....§..u@.....+ .........
#....#....#.........# .........
#....#....#...####### ..##...##
######...u##### #...#. #....#
.....#. #....# ......+.
##....### ..######. #.......# ..
...# #.......# ....


You could see a cyan ugly thing.

Vanquished Creatures
  Sigmund (D:6)
  2 ice beasts
  An orc warrior (D:7)
  3 ogres
  A phantom (D:7)
  A sky beast (D:7)
  A big kobold (D:6)
  4 bullfrogs (D:6)
  2 scorpions
  A crimson imp (D:6)
  2 centaur zombies
  A quasit (D:6)
  3 orc priests
  3 hounds
  4 orc wizards
  A bullfrog skeleton (D:7)
  2 worker ants
  An iguana (D:7)
  Ijyb (D:3)
  A howler monkey zombie (D:5)
  2 worker ant zombies
  7 adders
  A shadow imp (D:5)
  2 oozes
  2 worms
  A dart slug (D:1)
  4 leopard geckos
  16 orcs
  A ball python (D:1)
  4 bats
  12 giant cockroaches
  7 goblins
  4 hobgoblins
  10 jackals
  9 kobolds
  4 quokkas
  6 frilled lizards
  A giant cockroach zombie (D:5)
  A leopard gecko zombie (D:7)
  A quokka skeleton (D:6)
  A quokka zombie (D:7)
  2 rats
134 creatures vanquished.

Notes
Turn   | Place    | Note
-------+----------+-------------------------------------------
     0 | D:1      | DerDa the Mummy Wizard began the quest for the Orb.
     0 | D:1      | Reached XP level 1. HP: 13/13 MP: 5/5
    40 | D:1      | Reached skill level 1 in Conjurations
   409 | D:1      | Reached XP level 2. HP: 16/19 MP: 0/7
  1321 | D:1      | Reached XP level 3. HP: 24/24 MP: 1/9
  1393 | D:1      | Learned a level 3 spell: Mephitic Cloud
  1397 | D:1      | Learned a level 3 spell: Conjure Flame
  1400 | D:1      | Learned a level 2 spell: Blink
  1403 | D:1      | Learned a level 2 spell: Call Imp
  2139 | D:2      | Reached skill level 5 in Spellcasting
  2470 | D:3      | Reached XP level 4. HP: 30/30 MP: 4/11
  3513 | D:3      | Reached skill level 1 in Air Magic
  3795 | D:3      | Noticed Ijyb
  3797 | D:3      | Killed Ijyb
  3797 | D:3      | Reached skill level 1 in Poison Magic
  3797 | D:3      | Reached XP level 5. HP: 35/35 MP: 13/13
  4625 | D:4      | Reached skill level 6 in Spellcasting
  4625 | D:4      | Reached XP level 6. HP: 17/41 MP: 0/15
  5391 | D:5      | Entered Level 5 of the Dungeon
  5474 | D:5      | Found an iron altar of Okawaru.
  5518 | D:5      | Noticed an ice beast
  6061 | D:5      | Reached XP level 7. HP: 35/46 MP: 5/17
  6515 | D:5      | Found a staircase to the Ecumenical Temple.
  6525 | Temple   | Entered the Ecumenical Temple
  6562 | Temple   | Became a worshipper of Sif Muna the Loreminder
  7076 | D:5      | Reached skill level 7 in Spellcasting
  7695 | D:6      | Reached skill level 1 in Armour
  7695 | D:6      | Reached XP level 8. HP: 42/52 MP: 2/19
  8178 | D:6      | Noticed Sigmund
  8192 | D:6      | Killed Sigmund
  8192 | D:6      | Reached skill level 8 in Spellcasting
  8353 | D:6      | Reached skill level 5 in Conjurations
  8368 | D:6      | Reached * piety under Sif Muna
  8447 | D:6      | Found Tyxyr's Weapon Emporium.
  9817 | D:7      | Reached skill level 9 in Spellcasting
  9817 | D:7      | Reached XP level 9. HP: 35/57 MP: 5/22
 10078 | D:7      | Noticed a cyan ugly thing
 10101 | D:7      | Mangled by a cyan ugly thing

Levels and vault maps discovered:
D:1:      wander_arrival_lonely_grave, layout_rooms, minmay_worlds_worst_comb
D:2:      lemuel_upstairs_altar, layout_basic, mrwooster_statue_mirror
D:3:      layout_basic, first_ration, uniq_ijyb
D:4:      layout_loops_ring, minivault_11, minmay_ruptured
D:5:      layout_loops_corners, temple_fountains, roderic_nine_men_s_morris,
          okawaru_gym_becter
D:6:      layout_layer_cave, serial_shops, shop_fountains,
          minmay_manual_monolith, uniq_sigmund
D:7:      layout_gridville
Temple:   nicolae_temple_the_god_donut

Skill      XL: |  1  2  3  4  5  6  7  8 |
---------------+-------------------------+-----
Conjurations   | 1 2 3 4 5 |  5.6
Spellcasting   | 5 6 7 9 |  9.0
Air Magic      | 1 2 3 |  3.5
Poison Magic   | 1 2 3 |  3.4
Armour         | 1 3 |  3.3
Dodging        | |  1.5
Stealth        | |  1.5
Summonings     | |  0.7
Translocations | |  0.7

Action                   |  1- 3 |  4- 6 |  7- 9 || total
-------------------------+-------+-------+-------++-------
Melee: Club              |    16 |       |       ||    16
       Short sword       |     2 |    27 |    15 ||    44
       Long sword        |       |       |     1 ||     1
Throw: Dart              |       |       |     5 ||     5
 Cast: Magic Dart        |   114 |   207 |   239 ||   560
       Conjure Flame     |       |     2 |     6 ||     8
       Mephitic Cloud    |       |       |    10 ||    10
Evoke: Wand              |       |     4 |     1 ||     5
  Use: Scroll            |     5 |     1 |       ||     6
 Stab: Sleeping          |       |       |     1 ||     1
Armor: Robe              |     8 |    18 |    18 ||    44
Dodge: Dodged            |    34 |    51 |    59 ||   144
       Rpst.: Long sword |       |       |     5 ||     5

Table legend:
 A = Non-vault XP
 B = Vault XP
 C = Vault XP percentage of total XP
 D = Non-vault monster count
 E = Vault monster count
 F = Vault count percentage of total count
                 A         B        C        D         E       F
            +---------+---------+-------+---------+---------+-------
      Total |    2456 |     494 |  16.7 |     120 |      14 |  10.4
            +---------+---------+-------+---------+---------+-------
        D:1 |      35 |      12 |  25.5 |      16 |       6 |  27.3
        D:2 |      34 |       0 |   0.0 |      15 |       0 |   0.0
        D:3 |     112 |      35 |  23.8 |      20 |       1 |   4.8
        D:4 |     221 |      89 |  28.7 |      14 |       3 |  17.6
        D:5 |     514 |       0 |   0.0 |      19 |       0 |   0.0
        D:6 |     675 |     358 |  34.7 |      19 |       4 |  17.4
        D:7 |     865 |       0 |   0.0 |      17 |       0 |   0.0
            +---------+---------+-------+---------+---------+-------
